 Dungeon Crawl Stone Soup version 0.21.0-3-g78d12a8 (webtiles) character file.

9488 MTVSty1e the Arsonist (level 11, -7/64 HPs)
             Began as a Deep Elf Fire Elementalist on Jan 14, 2018.
             Was an Elder of Vehumet.
             Mangled by a death yak (24 damage)
             ... on level 10 of the Dungeon.
             The game lasted 00:41:07 (10709 turns).

MTVSty1e the Arsonist (Deep Elf Fire Elementalist) Turns: 10709, Time: 00:41:08

Health: -7/64      AC: 10    Str:  5    XL:     11   Next: 23%
Magic:  17/41      EV: 13    Int: 24    God:    Vehumet [****..]
Gold:   221        SH:  8    Dex: 15    Spells: 22/28 levels left

rFire    + + .     SeeInvis .   z - staff of power
rCold    x . .     Gourm    .   k - +3 buckler {AC+3}
rNeg     . . .     Faith    .   a - +1 robe
rPois    .         Spirit   .   A - +1 helmet
rElec    .         Reflect  .   r - +0 cloak
rCorr    .         Harm     .   p - +0 pair of gloves
MR       +....                  (no boots)
Stlth    ++........             w - amulet of regeneration
HPRegen  0.60/turn              y - ring of protection from fire
MPRegen  0.27/turn              h - ring of fire

@: no status effects
A: no striking features
a: Renounce Religion


You were on level 10 of the Dungeon.
You worshipped Vehumet.
Vehumet was greatly pleased with you.
You were very hungry.

You visited 2 branches of the dungeon, and saw 11 of its levels.

You collected 452 gold pieces.
You spent 231 gold pieces at shops.

Inventory:

Hand Weapons
 f - a +0 dagger
 t - a +3 dagger of protection
Armour
 a - a +1 robe (worn)
 k - a +3 buckler of protection (worn)
 p - a +0 pair of gloves (worn)
 r - a +0 cloak (worn)
 A - a +1 helmet (worn)
Magical Staves
 z - an uncursed staff of power (weapon)
Jewellery
 e - an uncursed ring of ice
 h - a ring of fire (right hand)
 w - an amulet of regeneration (around neck)
 y - a ring of protection from fire (left hand)
Wands
 d - a wand of acid (13)
 s - a wand of enslavement (5)
 G - a wand of iceblast (11)
 J - a wand of random effects (34)
Scrolls
 g - 5 scrolls of teleportation
 i - 2 scrolls of magic mapping
 n - 5 scrolls of remove curse
 q - a scroll of blinking
 C - a scroll of enchant armour
 D - a scroll of enchant weapon
 H - a scroll of fear {unknown}
Potions
 j - a potion of invisibility
 l - a potion of cancellation
 m - a potion of flight
 u - 2 potions of brilliance
 v - 3 potions of haste
 B - 2 potions of curing
 E - a potion of magic
 F - a potion of heal wounds {unknown}
Books
 b - a book of Flames

   Spells                             Type                      Level
   a - Flame Tongue                   Conjuration/Fire             1
   b - Throw Flame                    Conjuration/Fire             2
   c - Conjure Flame                  Conjuration/Fire             3
   d - Inner Flame                    Hexes/Fire                   3
   e - Sticky Flame                   Conjuration/Fire             4
   f - Fireball                       Conjuration/Fire             5
 x - a Young Poisoner's Handbook

   Spells                             Type                      Level
   a - Sting                          Conjuration/Poison           1
   b - Poisonous Vapours              Poison/Air                   2
   c - Mephitic Cloud                 Conjuration/Poison/Air       3
   d - Olgreb's Toxic Radiance        Poison                       4
   e - Venom Bolt                     Conjuration/Poison           5
Comestibles
 c - 7 rations


   Skills:
 + Level 6.2 Fighting
 - Level 2.4 Dodging
 - Level 2.4 Stealth
 - Level 5.1 Shields
 + Level 9.2 Spellcasting
 + Level 8.3 Conjurations
 * Level 11.9 Fire Magic


You had 22 spell levels left.
You knew the following spells:

 Your Spells              Type           Power        Failure   Level  Hunger
a - Flame Tongue          Conj/Fire      #####        1%          1    None
b - Fireball              Conj/Fire      ######....   1%          5    ####...


Dungeon Overview and Level Annotations

Branches:
Dungeon (10/15)            Temple (1/1) D:4            Lair (0/6) D:10
    Orc: D:9-12

Altars:
Ashenzari
Elyvilon
Fedhas
Gozag
Kikubaaqudgha
Okawaru
Ru
Sif Muna
Trog
Vehumet
Xom
Zin
The Shining One

Shops:
D:5 =   D:6 :[   D:7 ?   D:8 [


Message History

The death yak gores you!!
* * * LOW HITPOINT WARNING * * *
Casting: Flame Tongue
Confirm with . or Enter, or press ? or * to list all spells.
Aiming: Fireball
Press: ? - help, Shift-Dir - straight line, f/p - death yak
Aim: a death yak (heavily wounded)
You feel a surge of power!
The fireball explodes!
The fireball engulfs the death yak.
The death yak is almost dead.
You block the death yak's attack.
Casting: Fireball
Confirm with . or Enter, or press ? or * to list all spells.
Aiming: Flame Tongue
Press: ? - help, Shift-Dir - straight line, f/p - death yak
Aim: a death yak (almost dead)
You feel a surge of power!
The flame tongue hits the death yak.
The death yak is almost dead.
You block the crimson imp's attack. The death yak gores you!!
You die...

...........#......# #†....#
...........#.###########.....####
....########.#...................
....'........#.............#.....
....##########..#................
##### #............†......
#.....#......†.>†)..
#####+..Y...>.....##...)
.......@5.#.......##....
...................#....
..................#.....
#####+..........###.####
.####.#....# #. #. .#.#### #. #.
.. . #. #.


You could see a death yak and a crimson imp.

Vanquished Creatures
  Harold (D:10)
  2 death yaks (D:10)
  A two-headed ogre (D:10)
  An unseen horror (D:9)
  The ghost of Gigax the Martial Artist, a novice OpMo (D:6)
  2 hippogriffs
  10 yaks
  A shadow (D:10)
  A hungry ghost (D:9)
  6 ice beasts
  An orc warrior (D:6)
  An eye of draining (D:8)
  5 ogres
  A big kobold (D:7)
  2 bullfrogs (D:9)
  A gnoll sergeant (D:7)
  2 scorpions
  8 wights
  10 killer bees
  A centaur zombie (D:6)
  4 howler monkeys
  A crimson imp (D:8)
  3 quasits
  A bullfrog zombie (D:8)
  3 hounds
  5 orc priests
  11 orc wizards
  A hell rat (D:10)
  3 iguanas
  Ijyb (D:4)
  4 worker ants
  2 hound skeletons
  2 worker ant zombies
  Robin (D:4)
  16 gnolls
  15 adders
  A howler monkey skeleton (D:7)
  A river rat (D:10)
  2 shadow imps
  An ooze (D:5)
  An adder zombie (D:8)
  4 worms
  2 dart slugs
  7 leopard geckos
  37 orcs
  6 bats
  8 giant cockroaches
  7 hobgoblins
  20 jackals
  3 quokkas
  A ball python (D:6)
  5 frilled lizards
  15 goblins
  A jackal skeleton (D:4)
  A jackal zombie (D:6)
  10 kobolds
  A leopard gecko skeleton (D:6)
  10 rats
275 creatures vanquished.

Vanquished Creatures (collateral kills)
  An ogre (D:9)
  A bullfrog (D:9)
2 creatures vanquished.

Vanquished Creatures (others)
  An ogre (D:6)
  A bullfrog (D:6)
  An iguana (D:6)
3 creatures vanquished.

Grand Total: 280 creatures vanquished

Notes
Turn   | Place    | Note
-------+----------+-------------------------------------------
     0 | D:1      | MTVSty1e the Deep Elf Fire Elementalist began the quest for the Orb.
     0 | D:1      | Reached XP level 1. HP: 10/10 MP: 6/6
   557 | D:1      | Reached XP level 2. HP: 16/16 MP: 8/8
   892 | D:2      | Reached skill level 4 in Fire Magic
   901 | D:2      | Reached XP level 3. HP: 15/20 MP: 8/10
   925 | D:2      | Reached skill level 1 in Fighting
  1390 | D:2      | Found a bloodstained altar of Trog.
  1573 | D:3      | Reached XP level 4. HP: 14/25 MP: 7/11
  2351 | D:3      | Found an ancient bone altar of Kikubaaqudgha.
  2351 | D:3      | Found a blossoming altar of Fedhas.
  2592 | D:4      | Reached skill level 1 in Shields
  2592 | D:4      | Reached skill level 5 in Fire Magic
  2592 | D:4      | Reached XP level 5. HP: 29/29 MP: 9/13
  2599 | D:4      | Learned a level 5 spell: Fireball
  2735 | D:4      | Noticed Robin
  2754 | D:4      | Killed Robin
  2913 | D:4      | Noticed Ijyb
  2928 | D:4      | Killed Ijyb
  2949 | D:4      | Reached XP level 6. HP: 25/35 MP: 7/14
  3997 | D:4      | Found a staircase to the Ecumenical Temple.
  4006 | Temple   | Entered the Ecumenical Temple
  4021 | Temple   | Became a worshipper of Vehumet
  4162 | D:5      | Entered Level 5 of the Dungeon
  4273 | D:5      | Reached skill level 5 in Spellcasting
  4273 | D:5      | Reached XP level 7. HP: 31/40 MP: 7/16
  4278 | D:5      | Reached skill level 6 in Fire Magic
  4905 | D:5      | Found Keotzy's Jewellery Shoppe.
  5293 | D:5      | Found a glowing silver altar of Zin.
  5444 | D:6      | Got a transparent scale mail
  5657 | D:6      | Noticed Gigax's ghost (novice OpMo)
  5681 | D:6      | Killed Gigax's ghost
  5681 | D:6      | Reached skill level 7 in Fire Magic
  5681 | D:6      | Reached XP level 8. HP: 44/46 MP: 14/17
  5724 | D:6      | Found a shimmering altar of Xom.
  5803 | D:6      | Reached skill level 5 in Conjurations
  5935 | D:6      | Found Ocacs's Armour Shoppe.
  5955 | D:6      | Reached * piety under Vehumet
  5955 | D:6      | Offered knowledge of Magic Dart by Vehumet.
  5998 | D:6      | Identified the cursed +1 scale mail of Tenacity {Int+2} (You found it on level 6 of the Dungeon)
  6022 | D:6      | Found Voniosh's Book Emporium.
  6050 | D:6      | Bought a +1 buckler of protection for 231 gold pieces
  6123 | D:6      | Reached skill level 8 in Fire Magic
  6161 | D:6      | Reached XP level 9. HP: 52/52 MP: 0/18
  6318 | D:6      | Found Nuomuirr's Antique Weapon Boutique.
  6949 | D:7      | Offered knowledge of Freeze by Vehumet.
  6954 | D:7      | Reached ** piety under Vehumet
  7043 | D:7      | Reached skill level 5 in Shields
  7089 | D:7      | Found Hura's Magic Scroll Shop.
  7254 | D:6      | Reached skill level 9 in Fire Magic
  7655 | D:7      | Found a shattered altar of Ashenzari.
  7792 | D:7      | Found a glowing golden altar of the Shining One.
  8365 | D:8      | Offered knowledge of Stone Arrow by Vehumet.
  8438 | D:8      | Found Tuyputoi's Antique Armour Shop.
  8516 | D:8      | Reached *** piety under Vehumet
  9101 | D:9      | Killed an unseen horror
  9101 | D:9      | Reached skill level 10 in Fire Magic
  9101 | D:9      | Reached XP level 10. HP: 55/58 MP: 16/22
  9106 | D:8      | Reached skill level 5 in Fighting
  9240 | D:9      | Offered knowledge of Fulminant Prism by Vehumet.
  9365 | D:9      | Reached **** piety under Vehumet
  9365 | D:9      | Reached skill level 11 in Fire Magic
  9745 | D:9      | Found an iron altar of Okawaru.
  9787 | D:10     | Entered Level 10 of the Dungeon
  9855 | D:10     | Noticed a two-headed ogre
  9859 | D:10     | Killed a two-headed ogre
  9921 | D:10     | Noticed Harold
  9927 | D:10     | Killed Harold
  9927 | D:10     | Reached XP level 11. HP: 48/64 MP: 0/25
 10102 | D:10     | Offered knowledge of Static Discharge by Vehumet.
 10505 | D:10     | Noticed a death yak
 10518 | D:10     | Noticed a death yak
 10520 | D:10     | Noticed a death yak
 10529 | D:10     | Killed a death yak
 10691 | D:10     | Killed a death yak
 10697 | D:10     | Found a staircase to the Lair.
 10709 | D:10     | Mangled by a death yak

Skill      XL: |  1  2  3  4  5  6  7  8  9 10 11 |
---------------+----------------------------------+-----
Fire Magic     | 4 5 7 8 10 11 | 11.9
Fighting       | 1 2 3 4 5 6 |  6.2
Spellcasting   | 4 5 7 8 9 |  9.2
Shields        | 1 3 4 5 |  5.1
Conjurations   | 2 3 4 5 6 8 |  8.3
Dodging        | |  2.4
Stealth        | |  2.4

Action                   |  1- 3 |  4- 6 |  7- 9 | 10-12 || total
-------------------------+-------+-------+-------+-------++-------
Melee: Unarmed           |    12 |       |       |       ||    12
       Dagger            |    50 |   148 |   651 |    23 ||   872
       Staff             |       |       |    44 |   119 ||   163
 Cast: Flame Tongue      |    45 |   130 |   230 |    92 ||   497
       Fireball          |       |       |    14 |    34 ||    48
Evoke: Wand              |       |       |     1 |       ||     1
  Use: Scroll            |     4 |     8 |     9 |     3 ||    24
       Potion            |       |     2 |     2 |       ||     4
 Stab: Sleeping          |     3 |     2 |     1 |       ||     6
  Eat: Chunk             |     1 |     4 |     6 |     1 ||    12
       Ration            |       |     2 |     4 |     3 ||     9
Armor: Robe              |     5 |    48 |   411 |    50 ||   514
       Skin              |       |     7 |    10 |       ||    17
Dodge: Dodged            |    55 |   126 |   565 |    93 ||   839
Block: Buckler           |       |       |   332 |    87 ||   419
